 Dungeon Crawl Stone Soup version 0.24.1-14-gf8d2b509d9 (webtiles) character file.

Game seed: 6925550260633687744, levelgen mode: deterministic

93 Curus the Cudgeler (level 4, 0/33 HPs)
             Began as a Demonspawn Gladiator on June 1, 2020.
             Slain by Crazy Yiuf
             ... wielding a +4 quarterstaff of chaos
              (6 damage)
             ... on level 2 of the Dungeon.
             The game lasted 00:13:18 (2094 turns).

Curus the Cudgeler (Demonspawn Gladiator)           Turns: 2094, Time: 00:13:18

Health: 0/33       AC:  4    Str: 12 (14) XL:     4   Next: 36%
Magic:  4/4        EV: 13    Int:  8 (10) God:
Gold:   112        SH:  0    Dex: 17 (18) Spells: 3/3 levels left

rFire    . . .     SeeInvis .   a - +1 flail
rCold    + . .     Gourm    .   (no shield)
rNeg     . . .     Faith    .   b - +1 leather armour
rPois    .         Spirit   .   (helmet restricted)
rElec    .         Reflect  .   (no cloak)
rCorr    .         Harm     .   (no gloves)
MR       .....                  (no boots)
Stlth    +.........             h - amulet of rage
HPRegen  0.11/turn              i - +3 ring of dexterity
MPRegen  0.09/turn              (no ring)

@: slowed, very slow
A: antennae 1, cold resistance 1
a: Evoke Berserk Rage


You were on level 2 of the Dungeon.
You were hungry.

You visited 1 branch of the dungeon, and saw 2 of its levels.

You collected 112 gold pieces.

Inventory:

Hand Weapons
 a - a +1 flail (weapon)
Missiles
 d - 3 throwing nets (quivered)
Armour
 b - a +1 leather armour (worn)
 c - a +0 helmet
Jewellery
 h - an amulet of rage (around neck)
 i - a +3 ring of dexterity (left hand)
 k - an uncursed ring of teleportation
Scrolls
 e - 3 scrolls of immolation
 g - a scroll of teleportation
 j - a scroll of enchant armour
Comestibles
 f - 3 rations


   Skills:
 - Level 2.0 Fighting
 + Level 4.7 Maces & Flails
 - Level 1.7 Throwing
 - Level 2.6 Dodging


You had 3 spell levels left.
You didn't know any spells.
Your spell library was empty.

Dungeon Overview and Level Annotations

Branches:
Dungeon (2/15)

Altars:

Annotations:
D:2 Crazy Yiuf


Innate Abilities, Weirdness & Mutations

You have a pair of small antennae on your head.
Your flesh is cold resistant. (rC+)


Message History

You hit Crazy Yiuf but do no damage.
Crazy Yiuf is lightly wounded.
Crazy Yiuf barely misses you. Crazy Yiuf completely misses you.
You hit Crazy Yiuf.
Crazy Yiuf is moderately wounded.
Crazy Yiuf closely misses you.
Crazy Yiuf flaps his cloak.
Crazy Yiuf hits you with a +4 quarterstaff of chaos.
You hit Crazy Yiuf.
Crazy Yiuf is heavily wounded.
Crazy Yiuf says, "Ten sow turtle!"
Crazy Yiuf misses you.
You thump Crazy Yiuf!
Crazy Yiuf is almost dead.
Crazy Yiuf barely misses you.
Crazy Yiuf hits you with a +4 quarterstaff of chaos!
* * * LOW HITPOINT WARNING * * *
You fail to use your ability.
Crazy Yiuf hits you with a +4 quarterstaff of chaos.
You die...

......<......#
#..........#
#........#..##
#..........#
............#
#..........#
#############
#####......# #.#
#....# #......#
..# #.####
#.###### #.# #.#
### ####..# #.#
#.# #)..###
##P....# #.# #.#
#..)g@####P.....#
#.###.###
#...##..#..P...##
#.......# ###
###.#)P..##
#########
########


You could see Crazy Yiuf.

Vanquished Creatures
  3 adders (D:2)
  A dart slug (D:1)
  3 leopard geckos
  3 giant cockroaches
  9 goblins
  8 hobgoblins
  3 jackals (D:2)
  2 ball pythons (D:1)
  6 bats
  6 frilled lizards
  8 kobolds
  5 rats
  A fungus (D:2)
58 creatures vanquished.

Notes
Turn   | Place    | Note
-------+----------+-------------------------------------------
     0 | D:1      | Curus the Demonspawn Gladiator began the quest for the Orb.
     0 | D:1      | Reached XP level 1. HP: 16/16 MP: 1/1
    46 | D:1      | Reached skill level 3 in Maces & Flails
    75 | D:1      | Gained mutation: Your flesh is cold resistant. (rC+)
                  | [demonic ancestry]
    75 | D:1      | Reached XP level 2. HP: 9/22 MP: 2/2
   630 | D:1      | Gained mutation: You have a pair of small antennae on your
                  | head. [demonic ancestry]
   630 | D:1      | Reached XP level 3. HP: 21/27 MP: 3/3
   907 | D:2      | Reached skill level 4 in Maces & Flails
  1298 | D:2      | Found a faded altar of an unknown god.
  1504 | D:2      | Reached XP level 4. HP: 23/33 MP: 4/4
  2083 | D:2      | Found a runed translucent door.
  2084 | D:2      | Noticed Crazy Yiuf
  2094 | D:2      | Slain by Crazy Yiuf

Levels and vault maps discovered:
D:1:      psy_arrival_dodecagon, layout_rooms, corner_web_ring,
          minmay_misc_feat_square
D:2:      layout_basic, chequers_ecumenical_altar_simple,
          uniq_crazy_yiuf_cottage

Skill      XL: |  1  2  3 |
---------------+----------+-----
Maces & Flails | 3 4 |  4.7
Fighting       | |  2.0
Throwing       | |  1.7
Dodging        | |  2.6

Action                   |  1- 3 |  4- 6 || total
-------------------------+-------+-------++-------
Melee: Flail             |   124 |    45 ||   169
 Abil: Evoke Berserk Rag |       |     1 ||     1
  Use: Scroll            |     6 |       ||     6
       Potion            |     4 |       ||     4
 Stab: Sleeping          |     1 |       ||     1
  Eat: Chunk             |     2 |     2 ||     4
Armor: Leather armour    |    51 |    11 ||    62
Dodge: Dodged            |   109 |    23 ||   132
